 Dungeon Crawl Stone Soup version 0.31-a0-833-gc15d34cb79 (webtiles) character file.

Game seed: 214506416478658306

137 Kurtz the Chopper (level 5, -2/36 HPs)
             Began as an Octopode Fighter on Sept 25, 2023.
             Slain by an orc wizard
             ... wielding a +0 dagger
              (5 damage)
             ... on level 3 of the Dungeon.
             The game lasted 00:01:53 (1728 turns).

Kurtz the Chopper (Octopode Fighter)                Turns: 1728, Time: 00:01:54

Health: -2/36      AC:  1    Str: 16    XL:     5   Next: 20%
Magic:  5/5        EV: 13    Int: 10    God:
Gold:   75         SH:  4    Dex: 13    Spells: 4/4 levels left

rFire   . . .        c - +2 whip (flame)
rCold   . . .        b - +0 buckler
rNeg    . . .        (helmet restricted)
rPois   .            (no amulet)
rElec   .            (no ring)
rCorr   .            (no ring)
SInv    .            (no ring)
Will    .....        (no ring)
Stlth   ++           (no ring)
HPRegen 0.26/turn    (no ring)
MPRegen 0.09/turn    (no ring)
                     (no ring)

%: no passive effects
@: no status effects
A: almost no armour, amphibious, 8 rings, camouflage 1, gelatinous body 1,
(nimble swimmer 1), tentacles
a: no special abilities


You were on level 3 of the Dungeon.
You visited 1 branch of the dungeon, and saw 3 of its levels.

You collected 75 gold pieces.

Inventory:

Hand Weapons
 a - a +0 war axe
 c - a +2 whip of flaming (weapon)
Missiles
 j - 4 poisoned darts
Armour
 b - a +0 buckler (worn)
Jewellery
 h - a ring of resist corrosion
Scrolls
 d - 3 scrolls of fog {unknown}
 e - 3 scrolls of identify {unknown}
 f - 2 scrolls of noise {unknown}
 i - a scroll of amnesia {unknown}
Potions
 g - a potion of curing


   Skills:
 - Level 3.0 Fighting
 * Level 5.2 Axes
 - Level 3.0 Dodging
 - Level 3.0 Shields


You had 4 spell levels left.
You didn't know any spells.
Your spell library contained the following spells:

 Spells                   Type           Power      Damage    Failure   Level
 Magic Dart               Conj           0%         1d3       43%         1
 Necrotise                Necr           0%         1d4       43%         1
 Call Imp                 Summ           0%         N/A       58%         2
 Mephitic Cloud           Conj/Pois/Air  0%         N/A       82%         3
 Vampiric Draining        Necr           0%         2d6       82%         3
 Agony                    Necr           0%         N/A       100%        5


Dungeon Overview and Level Annotations

Branches:
Dungeon (3/15)

Altars:
Elyvilon

Shops:
D:3 :


Innate Abilities, Weirdness & Mutations

You cannot wear most types of armour.
You are amphibious.
You can wear up to eight rings at the same time.
Your skin changes colour to match your surroundings (Stealth+).
Your rubbery body absorbs attacks. (AC +1, EV +1)
((You are camouflaged when in or above water. (Stealth+)))
You have tentacles for arms and can constrict up to eight enemies at once.


Message History

You constrict the orc.
You kill the orc!
Something hits you.
Unknown command.
No target in view!
No target in view!
Unknown command.
No target in view!
You miss something. Your squeeze misses something.
You hear the slow rusting of a drain nearby.
Something hits you.
No target in view!
You barely miss something. Your squeeze misses something. You miss something.
Something hits you.
You closely miss something. Something hits you.
You miss something. Your squeeze misses something. Something hits you.
You hit something. You burn something. Something hits you.
You barely miss something.
You hear some strange, mumbled words.
Something tries to affect you, but you resist.
You miss something. Something hits you.
You closely miss something.
You hear some strange, mumbled words.
Something tries to affect you, but you resist.
You miss something. Your squeeze misses something.
You hear some strange, mumbled words.
A puff of flame appears from out of thin air!
The puff of flame hits you!
* * * LOW HITPOINT WARNING * * *
You barely miss something. Something hits you.
* * * LOW HITPOINT WARNING * * *
You barely miss something. Your squeeze misses something. Something hits you.
* * * LOW HITPOINT WARNING * * *
You miss something. Something hits you.
* * * LOW HITPOINT WARNING * * *
You hit something. You burn something. Your squeeze misses something.
Something hits you but does no damage.
You miss something. Something hits you but does no damage.
You barely miss something. Something hits you.
You die...

.# .#### .# ....##
########.# .....#
##........# .....# #.#
#..#.#.#..# .....#.##.#
#.........#
.....#.##.###..#.#.#..#
.#####.#........{)....#
.#.....#.......#@#.#..#
.#.#####>........)....#
.#.##..........##.###.#
.#.#.................
..[....#+############
####.##..# ...# ..#
##### ..# ..#


There were no monsters in sight!

Vanquished Creatures
  An orc priest (D:3)
  4 gnolls (D:2)
  An adder (D:2)
  A worm (D:3)
  2 dart slugs
  2 orcs (D:3)
  5 ball pythons
  4 bats (D:2)
  5 endoplasms
  2 giant cockroaches (D:1)
  3 goblins
  5 hobgoblins
  2 jackals (D:1)
  2 quokkas
  7 frilled lizards
  4 kobolds (D:2)
  3 rats
53 creatures vanquished.

Notes
Turn   | Place    | Note
-------+----------+-------------------------------------------
     0 | D:1      | Kurtz the Octopode Fighter began the quest for the Orb.
     0 | D:1      | Reached XP level 1. HP: 16/16 MP: 1/1
   195 | D:1      | Reached XP level 2. HP: 21/21 MP: 2/2
   265 | D:1      | Reached skill level 3 in Axes
   515 | D:1      | Reached XP level 3. HP: 22/26 MP: 3/3
  1024 | D:2      | Reached skill level 4 in Axes
  1025 | D:2      | Reached XP level 4. HP: 13/31 MP: 4/4
  1617 | D:3      | Found a white marble altar of Elyvilon.
  1620 | D:3      | Found Byrgh's Book Emporium.
  1712 | D:3      | Reached skill level 5 in Axes
  1712 | D:3      | Reached XP level 5. HP: 29/36 MP: 5/5
  1728 | D:3      | Slain by an orc wizard

Illustrated notes

Levels and vault maps discovered:
D:1:      dpeg_arrival_tiny_f, layout_basic
D:2:      layout_loops_ring
D:3:      layout_basic, elyvilon_altar_5, serial_co_window_serial,
          co_window_paths_a, co_window_paths_b, co_window_corner_a,
          co_window_corner_a, co_window_corner_a, co_window_paths_b,
          co_window_paths_a, co_window_paths_a, co_window_corner_a,
          co_window_corner_b, co_window_2corner, co_window_corner_b,
          co_window_corner_ca, co_window_corner_cb, co_window_unsneaky_path_b,
          glass_columns_b, glass_columns_a, glass_columns_a, glass_columns_c,
          serial_shops, nicolae_shop_just_a_little_nook,
          cheibrodos_sewer_entry_bend

Skill      XL: |  1  2  3  4 |
---------------+-------------+-----
Axes           | 3 4 5 |  5.2
Fighting       | |  3.0
Dodging        | |  3.0
Shields        | |  3.0

Action                     |  1- 3 |  4- 6 || total
---------------------------+-------+-------++-------
  Melee: War axe           |    63 |    14 ||    77
         Tentacles         |    10 |     4 ||    14
         Constrict         |    15 |     9 ||    24
         Punch             |     2 |       ||     2
         Whip              |       |    37 ||    37
    Use: Potion            |     4 |       ||     4
   Stab: Sleeping          |     5 |     5 ||    10
 Armour: Skin              |    29 |    25 ||    54
  Dodge: Dodged            |    37 |    17 ||    54
  Block: Buckler           |    10 |     5 ||    15

Table legend: (Time is in decaauts)
 A = Elapsed time spent in this place.
 B = Non-inter-level travel time spent in this place.
 C = Inter-level travel time spent in this place.
 D = Time resting spent in this place.
 E = Time spent auto-exploring this place.
 F = Levels seen in this place.
 G = Mean time per level.
                   A        B        C        D        E       F      G
               +--------+--------+--------+--------+--------+-----+--------+
         Total |   1756 |   1686 |     70 |     27 |   1191 |   3 |  585.3 |
       Dungeon |   1756 |   1686 |     70 |     27 |   1191 |   3 |  585.3 |
               +--------+--------+--------+--------+--------+-----+--------+

Top non-repeatable levels by time:
     D:1: 878 daAuts
     D:2: 711 daAuts
     D:3: 166 daAuts
